 Dungeon Crawl Stone Soup version 0.28.0-47-ge53b351184 (webtiles) character file.

Game seed: 1724798026254918851

2546 issech the Cutter (level 9, -5/88 HPs)
             Began as a Troll Fighter on May 3, 2022.
             Slain by an unseen horror (9 damage)
             ... on level 7 of the Dungeon.
             The game lasted 00:22:34 (5160 turns).

issech the Cutter (Troll Fighter)                   Turns: 5160, Time: 00:22:34

Health: -5/88      AC:  7    Str: 26    XL:     9   Next: 30%
Magic:  8/8        EV: 10    Int:  4    God:
Gold:   315        SH:  9    Dex: 13    Spells: 8/8 levels left

rFire   + . .      SeeInvis .   q - +11 dagger "Suxzo" {speed, rElec rF+}
rCold   . . .      Faith    .   c - +0 kite shield
rNeg    . . .      Spirit   .   b - +0 robe
rPois   .          Reflect  .   (helmet restricted)
rElec   +          Harm     .   G - +2 cloak
rCorr   .          Rampage  .   (gloves unavailable)
Will    ++...                   (boots unavailable)
Stlth   ++........              (no amulet)
HPRegen 1.04/turn               D - ring of willpower
MPRegen 0.11/turn               I - ring of willpower

@: no status effects
A: large, unfitting armour, claws 3, regeneration 1, shaggy fur 1, tough skin 1
a: no special abilities


You were on level 7 of the Dungeon.
You visited 1 branch of the dungeon, and saw 7 of its levels.

You collected 455 gold pieces.
You spent 140 gold pieces at shops.

Inventory:

Hand Weapons
 a - a +0 flail
 q - the +11 dagger "Suxzo" (weapon) {speed, rElec rF+}
   (You found it on level 2 of the Dungeon)

   Attacks with this weapon are significantly faster.
   rF:        It protects you from fire.
   rElec:     It insulates you from electricity.
 F - a +4 quarterstaff of chaos
 J - a +5 hand axe
 K - a +0 vorpal scimitar
 L - a +0 vampiric dagger
Missiles
 k - 45 bolts
 n - 201 stones (quivered)
 o - 2 poisoned darts
 u - 65 sling bullets
 y - a throwing net
 A - 4 large rocks
Armour
 b - a +0 robe (worn)
 c - a +0 kite shield (worn)
 r - an orb of light
 G - a +2 cloak (worn)
Jewellery
 D - a ring of willpower (left claw)
 I - a ring of willpower (right claw)
Wands
 p - a wand of digging (3)
 B - a wand of iceblast (4)
Scrolls
 f - 3 scrolls of fear
 h - a scroll of teleportation
 m - a scroll of vulnerability
 s - 2 scrolls of enchant armour
 t - a scroll of magic mapping
 v - 2 scrolls of enchant weapon
 x - a scroll of torment
 z - 3 scrolls of immolation
 E - a scroll of holy word
 H - a scroll of noise
Potions
 d - 2 potions of might
 e - 3 potions of lignification {unknown}
 g - 3 potions of curing {unknown}
 i - 2 potions of heal wounds {unknown}
 j - 3 potions of degeneration {unknown}
 l - a potion of attraction {unknown}
 w - a potion of mutation {unknown}
 C - a potion of brilliance {unknown}


   Skills:
 + Level 5.1 Fighting
 + Level 6.1 Short Blades
 + Level 2.2 Maces & Flails
 + Level 1.3 Throwing
 + Level 5.1 Dodging
 + Level 1.2 Stealth
 + Level 5.3 Shields


You had 8 spell levels left.
You didn't know any spells.
Your spell library contained the following spells:

 Spells                   Type           Power      Damage    Failure   Level
 Sting                    Tmut/Pois      0%         1d3       77%         1
 Poisonous Vapours        Pois/Air       0%         N/A       88%         2
 Tukima's Dance           Hex            0%         N/A       98%         3
 Olgreb's Toxic Radiance  Pois           0%         N/A       100%        4
 Passage of Golubria      Tloc           0%         N/A       100%        4
 Yara's Violent Unravell  Hex/Tmut       0%         3d3       100%        5


Dungeon Overview and Level Annotations

Branches:
Dungeon (7/15)
 Temple: D:4-7

Altars:
Uskayaw
Yredelemnul
Zin

Shops:
D:1 *=(?[   D:3 =


Innate Abilities, Weirdness & Mutations

You are too large for most types of armour.
You have claws for hands.
Your natural rate of healing is unusually fast.
You are covered in fur. (AC +1)
You have tough skin. (AC +1)


Message History

The slime creature quivers.
You puncture something! Something hits you. The yak closely misses you.
You hit something. Something hits you! You block something's attack.
You hit something. Something hits you. The yak gores you.
You miss something. Something hits you but does no damage.
You puncture something! Something hits you but does no damage.
The yak gores you!
You puncture the yak!
The yak is moderately wounded.
Something hits you. The yak closely misses you.
You hit the yak.
The yak is moderately wounded.
Something hits you but does no damage. Something hits you.
You hit the yak.
The yak is moderately wounded.
The yak gores you but does no damage.
You closely miss something. Something hits you! Something hits you.
You closely miss something. Something hits you but does no damage.
The yak gores you!
You hit something. Something hits you.
You completely miss something. Something hits you.
* * * LOW HITPOINT WARNING * * *
The yak misses you. Something hits you.
* * * LOW HITPOINT WARNING * * *
The brown ugly thing kicks you but does no damage.
Something hits you.
* * * LOW HITPOINT WARNING * * *
You block something's attack.
You hit something.
You block the brown ugly thing's attack.
Something hits you!
* * * LOW HITPOINT WARNING * * *
You barely miss something. Something hits you.
* * * LOW HITPOINT WARNING * * *
You hit something. Something hits you but does no damage.
You block the brown ugly thing's attack.
Something hits you!
You die...

# ##.#....####..# .
#.#.#....####+
##.#.#...#....## ##
#..#.#.#...#....
#..##
#....#...#....##
#.#..##
#..#.#....###
#.###..####'....###
#.#!###CY###{.###
#[..JH###u.@###
#.#)###To####
#.###..### #.#..##
#..## ###


You could see a brown ugly thing, a slime creature, a manticore, a cyclops, a
yak, a troll and an orc wizard.

Vanquished Creatures
  Sigmund (D:2)
  An acid dragon (D:6)
  An orc warrior (D:6)
  2 ice beasts
  2 black bears
  2 necrophages
  2 ogres
  4 phantoms
  3 bullfrogs
  3 scorpions
  A wyvern skeleton (D:7)
  A wight (D:7)
  2 centaur zombies (D:7)
  A jelly (D:5)
  A gnoll shaman (D:6)
  Crazy Yiuf (D:5)
  3 centaur skeletons
  A hound (D:7)
  2 bullfrog skeletons (D:6)
  2 iguanas
  3 orc wizards
  A scorpion zombie (D:5)
  2 hound skeletons
  5 adders
  5 gnolls (D:6)
  A shadow imp (D:6)
  3 ufetubi
  An adder zombie (D:5)
  4 worms
  10 orcs
  6 bats
  8 endoplasms
  4 giant cockroaches
  14 goblins
  9 hobgoblins
  3 jackals (D:3)
  4 quokkas
  6 ball pythons
  5 frilled lizards
  7 kobolds
  6 rats
143 creatures vanquished.

Vanquished Creatures (others)
  A fungus (D:1)
1 creature vanquished.

Grand Total: 144 creatures vanquished

Notes
Turn   | Place    | Note
-------+----------+-------------------------------------------
     0 | D:1      | issech the Troll Fighter began the quest for the Orb.
     0 | D:1      | Reached XP level 1. HP: 22/22 MP: 0/0
    24 | D:1      | Found Qociodem's Assorted Antiques.
    58 | D:1      | Found Efonu's Jewellery Shoppe.
   103 | D:1      | Found Moaradgho's Antique Weapon Emporium.
   125 | D:1      | Reached XP level 2. HP: 29/29 MP: 1/1
   536 | D:1      | Found Kase's Magic Scroll Emporium.
   542 | D:1      | Found Peerused's Armour Boutique.
   572 | D:1      | Found a faded altar of an unknown god.
   575 | D:1      | Reached XP level 3. HP: 36/36 MP: 2/2
  1151 | D:2      | Noticed Sigmund
  1166 | D:2      | Killed Sigmund
  1167 | D:2      | Reached skill level 1 in Short Blades
  1167 | D:2      | Reached XP level 4. HP: 43/45 MP: 3/3
  1167 | D:2      | Reached XP level 5. HP: 51/53 MP: 4/4
  1199 | D:2      | Identified the +11 dagger "Suxzo" {speed, rElec rF+}
  2037 | D:3      | Found Kuschab's One-of-a-Kind Rings.
  2114 | D:3      | Found a glowing silver altar of Zin.
  2495 | D:3      | Reached XP level 6. HP: 61/61 MP: 5/5
  2835 | D:1      | Bought a scroll of identify for 28 gold pieces
  2839 | D:1      | Bought 3 scrolls of identify for 84 gold pieces
  2840 | D:1      | Bought a scroll of identify for 28 gold pieces
  2908 | D:4      | Reached skill level 2 in Short Blades
  2921 | D:4      | Found a basalt altar of Yredelemnul.
  3497 | D:5      | Entered Level 5 of the Dungeon
  3510 | D:5      | Reached XP level 7. HP: 67/67 MP: 6/6
  3516 | D:5      | Reached skill level 1 in Stealth
  3532 | D:5      | Reached skill level 3 in Short Blades
  3793 | D:5      | Reached skill level 1 in Throwing
  3924 | D:5      | Found a hide-covered altar of Uskayaw.
  4125 | D:5      | Found a runed translucent door.
  4126 | D:5      | Noticed Crazy Yiuf
  4142 | D:5      | Killed Crazy Yiuf
  4227 | D:6      | Reached XP level 8. HP: 61/77 MP: 7/7
  4228 | D:6      | Reached skill level 4 in Short Blades
  4491 | D:6      | Reached skill level 5 in Short Blades
  4584 | D:6      | Reached skill level 5 in Shields
  4833 | D:6      | Reached XP level 9. HP: 86/87 MP: 8/8
  4991 | D:7      | Reached skill level 5 in Dodging
  5034 | D:7      | Reached skill level 5 in Fighting
  5103 | D:7      | Reached skill level 6 in Short Blades
  5133 | D:7      | Found the +6 lightning scales {swift, rElec}
  5137 | D:7      | Noticed a cyclops
  5137 | D:7      | Noticed a manticore
  5137 | D:7      | Noticed a troll
  5137 | D:7      | Noticed a brown ugly thing
  5158 | D:7      | HP: 2/88 [something (5)]
  5160 | D:7      | Slain by an unseen horror

Illustrated notes

Levels and vault maps discovered:
D:1:      heliophobic_arrival_battle_scene, layout_loops_ring, serial_shops,
          shop, shop_fountains, shop, shop, shop,
          dreamdust_ecumenical_altar_grove
D:2:      layout_basic, uniq_sigmund
D:3:      layout_basic, mainiacjoe_overflow_alcove_1, minmay_misc_feat_tiny,
          minmay_misc_feat_enclosed, nicolae_shop_unique_rings, hex_large
D:4:      layout_basic, yredelemnul_altar_generic, minmay_misc_feat_square,
          chequers_serial_rivers_room_b
D:5:      layout_rooms, nicolae_uskayaw_dance_hall,
          nicolae_concentric_dashed_squares_wild, uniq_crazy_yiuf_cottage
D:6:      layout_cave_pools
D:7:      minmay_the_grid_triangle_9x9_rhombus_thin
          [minmay_the_grid_triangle_9x9_corrupted_corridor,
          minmay_the_grid_triangle_9x9_prize_top_heavy,
          minmay_the_grid_triangle_9x9_flanged_cone,
          minmay_the_grid_triangle_9x9_negative_grid], layout_cave_pools,
          minmay_temple_entry_slanted, serial_bayou_crossing

Skill      XL: |  1  2  3  4  5  6  7  8  9 |
---------------+----------------------------+-----
Maces & Flails | 2 |  2.2
Shields        | 3 4 5 |  5.3
Fighting       | 3 4 5 |  5.1
Short Blades   | 1 2 3 5 6 |  6.1
Dodging        | 3 4 5 |  5.1
Stealth        | 1 |  1.2
Throwing       | 1 |  1.3

Action                   |  1- 3 |  4- 6 |  7- 9 || total
-------------------------+-------+-------+-------++-------
Melee: Flail             |    33 |       |       ||    33
       Dagger            |    85 |   119 |   287 ||   491
Throw: Stone             |     3 |    13 |     5 ||    21
  Use: Scroll            |       |     5 |     5 ||    10
 Stab: Sleeping          |       |       |     1 ||     1
Armor: Robe              |    44 |    19 |    60 ||   123
Dodge: Dodged            |    56 |    32 |    80 ||   168
Block: Kite shield       |    56 |    32 |    88 ||   176
